 Dungeon Crawl Stone Soup version 0.29.0-11-gd7f09526c8 (webtiles) character file.

Game seed: 6848238848225299449

206600 iguanaiguana the Severer (level 17, -9/156 HPs)
             Began as a Minotaur Fighter on Sept 7, 2022.
             Was a High Priest of Okawaru.
             Mangled by Dissolution (38 damage)
             ... while paralysed by a floating eye
             ... on level 3 of the Pits of Slime.
             The game lasted 00:50:19 (42201 turns).

iguanaiguana the Severer (Minotaur Fighter)        Turns: 42201, Time: 00:50:20

Health: -9/156     AC: 24    Str: 31    XL:     17   Next: 58%
Magic:  26/26      EV:  2    Int:  5    God:    Okawaru [*****.]
Gold:   2970       SH:  0    Dex: 16    Spells: 20/20 levels left

rFire   + + +      SeeInvis .   b - +6 broad axe (freeze)
rCold   + + .      Faith    .   t - +0 kite shield {rC+}
rNeg    . . .      Spirit   .   c - +1 plate armour {rC+}
rPois   +          Reflect  .   Q - +2 hat {Will+}
rElec   +          Harm     .   h - +2 cloak
rCorr   +          Rampage  .   (no gloves)
Will    ++...                   l - +1 pair of boots of Mot Moit {*Corrode rElec rF+ Dex+4}
Stlth   ..........              (no amulet)
HPRegen 0.36/turn               K - ring of flight
MPRegen 0.20/turn               W - ring of Haeraul {Contam rPois rF+++ rCorr Str+4}

@: confused, paralysed, corroded, flying
A: horns 2, retaliatory headbutt, iridescent scales 1, fire resistance 1
}: 2/15 runes: barnacled, gossamer
a: Renounce Religion, Heroism, Finesse, Duel


You were on level 3 of the Pits of Slime.
You worshipped Okawaru.
Okawaru was extremely pleased with you.
You visited 7 branches of the dungeon, and saw 34 of its levels.
You also visited: Ice Cave.

You collected 3738 gold pieces.
You spent 768 gold pieces at shops.

Inventory:

Hand Weapons
 a - a +3 eveningstar of draining
 b - a +6 broad axe of freezing (weapon)
Missiles
 d - 3 curare-tipped darts
 e - 12 silver javelins
 i - 22 boomerangs
 y - 32 poisoned darts
 A - 13 javelins
 M - 3 silver boomerangs (quivered)
 T - a throwing net
Armour
 c - a +1 plate armour of cold resistance (worn)
 h - a +2 cloak (worn)
 l - the +1 pair of boots of Mot Moit (worn) {*Corrode rElec rF+ Dex+4}
   (You bought it in a shop on level 2 of the Orcish Mines)

   Dex:       It affects your dexterity (+4).
   rF:        It protects you from fire.
   rElec:     It insulates you from electricity.
   *Corrode:  It may corrode you when you take damage.
 t - a +0 kite shield of cold resistance (worn)
 Q - a +2 hat of willpower (worn)
Jewellery
 p - a ring of willpower
 H - a +6 ring of strength
 K - a ring of flight (left hand)
 W - the ring of Haeraul (right hand) {Contam rPois rF+++ rCorr Str+4}
   (You took it off a merfolk aquamancer on level 4 of the Shoals)

   [ring of resist corrosion]

   Str:       It affects your strength (+4).
   rF:        It renders you almost immune to fire.
   rPois:     It protects you from poison.
   Contam:    It causes magical contamination when unequipped.
   rCorr:     It protects you from acid and corrosion.
Wands
 J - a wand of flame (45)
 L - a wand of digging (9) {@v3}
 N - a wand of iceblast (18) {@v2}
 R - a wand of light (2)
Scrolls
 f - 2 scrolls of fear
 g - 8 scrolls of fog
 q - 3 scrolls of vulnerability
 r - 5 scrolls of blinking {@r4}
 u - a scroll of magic mapping {@r5}
 w - 6 scrolls of poison
 E - 5 scrolls of immolation
 F - 4 scrolls of silence
 U - 6 scrolls of teleportation {@r3}
 Y - 3 scrolls of identify {@r1}
Potions
 j - 4 potions of lignification
 k - 5 potions of ambrosia
 n - 4 potions of mutation
 o - 3 potions of resistance {@q5}
 s - 4 potions of degeneration
 v - a potion of curing {@q1}
 x - a potion of heal wounds {@q2}
 z - a potion of berserk rage
 B - 8 potions of brilliance
 C - 4 potions of flight
 D - 4 potions of attraction
 S - 6 potions of haste {@q4}
 V - a potion of magic
 X - a potion of cancellation
Miscellaneous
 m - a lightning rod (4/4)
 I - a tin of tremorstones (2/2)
 P - a condenser vane


   Skills:
 - Level 15.0 Fighting
 - Level 18.0 Axes
 - Level 12.0 Throwing
 + Level 15.3 Armour
 - Level 6.0 Dodging
 + Level 13.3 Shields
 - Level 2.0 Spellcasting
 - Level 14.0 Invocations
 - Level 8.0 Evocations


You had 20 spell levels left.
You didn't know any spells.
Your spell library contained the following spells:

 Spells                   Type           Power      Damage    Failure   Level
 Summon Small Mammal      Summ           Unusable   N/A       N/A         1
 Call Canine Familiar     Summ           Unusable   N/A       N/A         3
 Summon Guardian Golem    Hex/Summ       Unusable   N/A       N/A         3

Dungeon Overview and Level Annotations

Branches:
Dungeon (15/15) Zot: 26055  Temple (1/1) D:4 Zot: 5693    Lair (5/5) D:9 Zot: 18862
 Shoals (4/4) Lair:3 Zot: 18448  Spider (4/4) Lair:2 Zot: 19577   Slime (3/5) Lair:4 Zot: 17814
    Orc (2/2) D:9 Zot: 10174     Elf (0/3) Orc:2        Vaults (0/5) D:13
  IceCv (visited)
 Depths: D:15

Altars:
Ashenzari
Cheibriados
Dithmenos
Elyvilon
Fedhas
Gozag
Hepliaklqana
Kikubaaqudgha
Makhleb
Nemelex Xobeh
Okawaru
Qazlal
Ru
Sif Muna
Trog
Uskayaw
Vehumet
Wu Jian
Xom
Yredelemnul
Zin
The Shining One
Jiyva

Shops:
Orc:1 (   Orc:2 [([:   Shoals:1 ?

Annotations:
Shoals:2 2 transporters, Bediveer's ghost, journeyman GrMo
Slime:3 Dissolution


Innate Abilities, Weirdness & Mutations

You have a pair of horns on your head.
You reflexively headbutt those who attack you in melee.
You are partially covered in iridescent scales. (AC +2)
Your flesh is heat resistant. (rF+)


Message History

Dissolution is almost dead.
You barely miss the floating eye. You barely miss the slime creature.
Dissolution gurgles deeply, a call to fellow slimes.
You hit Dissolution but do no damage.
Your hands burn!
Dissolution is almost dead.
You slice the shining eye!! You freeze the shining eye.
You slash the slime creature! You freeze the slime creature!
You kill the slime creature!
You hit the floating eye. You freeze the floating eye. Dissolution hits you!
* * * LOW HITPOINT WARNING * * *
You are splashed with acid.
You resist.
* * * LOW HITPOINT WARNING * * *
The golden eye blinks at you. You resist with almost no effort.
The floating eye gazes piercingly through you!
You suddenly lose the ability to move!
The azure jelly hits you.
* * * LOW HITPOINT WARNING * * *
The azure jelly freezes you. You resist.
* * * LOW HITPOINT WARNING * * *
The golden eye blinks at you.
You are more confused.
Dissolution hits you!
* * * LOW HITPOINT WARNING * * *
You are splashed with acid.
You resist.
* * * LOW HITPOINT WARNING * * *
The azure jelly hits you.
* * * LOW HITPOINT WARNING * * *
The golden eye blinks at you. You resist with some effort.
Dissolution hits you.
* * * LOW HITPOINT WARNING * * *
The acid corrodes you!
You are splashed with acid.
You resist.
* * * LOW HITPOINT WARNING * * *
The golden eye blinks at you. You resist with almost no effort.
The azure jelly hits you.
* * * LOW HITPOINT WARNING * * *
The azure jelly freezes you. You resist.
* * * LOW HITPOINT WARNING * * *
Dissolution hits you!!!
You die...

#..#.##......
#............
##...........#
##.............
#.....<........
#.....G.......
##...GJJ<.....
#.....@JG.#..
##...<.G...#
##...........
####........
.#....... .
....... .
#...... .#
...... .....


You could see Dissolution, an acid blob, an azure jelly, a shining eye
(summoned), 2 floating eyes and a golden eye (summoned).

Vanquished Creatures
  Arachne (Spider:3)
  Rupert (D:15)
  Mlioglotl (Shoals:4)
  Asterion (Lair:2)
  An acid blob (Lair:4)
  Kirke (Lair:4)
  A storm dragon (Shoals:4)
  Gastronok (D:12)
  Donald (Lair:2)
  A fire giant (D:14)
  2 emperor scorpions
  A ghost moth (Spider:4)
  4 entropy weavers
  3 spark wasps
  Snorg (D:11)
  An ettin (D:14)
  Fannar (D:10)
  2 merfolk javelineers (Shoals:4)
  11 merfolk impalers
  7 boulder beetles
  3 radroaches
  3 jorogumos (Spider:3)
  3 merfolk avatars (Shoals:3)
  6 hydras
  4 centaur warriors
  4 catoblepae
  Erica (D:11)
  6 merfolk aquamancers
  3 two-headed ogres
  5 satyrs
  13 death yaks
  Urug (Lair:3)
  7 pharaoh ants
  An iron troll (D:13)
  Lodul (D:14)
  3 orb spiders
  3 skeletal warriors
  A deep troll (D:14)
  6 sea snakes
  11 steelbarb worms
  2 wizards (D:15)
  3 deep elf pyromancers
  11 harpies
  9 wolf spiders
  6 ugly things
  2 cyclopes
  4 orc knights
  A shining eye (Lair:4)
  10 fauns
  12 manticores
  14 elephants
  Joseph (D:7)
  4 black mambas
  6 merfolk sirens
  10 water nymphs (Shoals:4)
  An eye of devastation (Slime:1)
  3 torpor snails
  Maggie (D:9)
  4 demonic crawlers
  2 efreet (D:13)
  2 unseen horrors (D:12)
  2 rime drakes
  12 cane toads
  An anaconda simulacrum (IceCv)
  3 kobold demonologists
  11 komodo dragons
  2 polar bears (Lair:3)
  A wind drake (shapeshifter) (D:13)
  10 tarantellas
  4 trolls
  18 merfolk
  A meliai (Spider:4)
  A meliai (shapeshifter) (D:13)
  Prince Ribbit (D:7)
  2 hornets (D:9)
  32 slime creatures
  7 blink frogs
  5 wind drakes
  4 snapping turtles
  20 jumping spiders
  3 air elementals (Shoals:4)
  11 culicivoras
  16 water elementals
  4 shadows
  A wraith (D:13)
  2 hogs (Lair:4)
  72 yaks
  2 humans (Lair:4)
  2 wyverns
  3 basilisks
  2 steam dragons
  2 death yak simulacra (IceCv)
  24 redbacks
  4 vampire mosquitoes (D:14)
  A warg (Orc:2)
  Menkaure (D:5)
  16 water moccasins
  3 sky beasts (D:7)
  Duvessa (D:7)
  31 orc warriors
  2 ice beasts (D:7)
  6 black bears
  17 ogres
  13 wolves
  17 centaurs
  2 kobold brigands (D:9)
  A phantom (D:7)
  7 bullfrogs
  2 gnoll sergeants
  7 scorpions
  2 necrophages
  10 wights
  Dowan (D:7)
  14 killer bees
  2 howler monkeys (D:9)
  12 orc priests
  2 jellies
  4 hounds
  Crazy Yiuf (D:4)
  2 gnoll boudas
  Jessica (D:3)
  3 iguanas
  18 orc wizards
  2 polar bear simulacra (IceCv)
  A centaur simulacrum (D:9)
  Robin (D:4)
  14 gnolls
  11 adders
  2 shadow imps
  13 white imps
  An ufetubus (D:7)
  2 worms (D:3)
  3 dart slugs
  76 orcs
  9 endoplasms
  5 giant cockroaches
  11 goblins
  8 hobgoblins
  7 kobolds
  5 quokkas
  7 ball pythons
  4 bats
  4 frilled lizards
  2 rats
  3 butterflies (Lair:4)
911 creatures vanquished.

Vanquished Creatures (others)
  A ghost moth (Spider:3)
  57 fungi
  109 plants
167 creatures vanquished.

Grand Total: 1078 creatures vanquished

Notes
Turn   | Place    | Note
-------+----------+-------------------------------------------
     0 | D:1      | iguanaiguana the Minotaur Fighter began the quest for the
                  | Orb.
     0 | D:1      | Reached XP level 1. HP: 19/19 MP: 0/0
   107 | D:1      | Reached XP level 2. HP: 26/27 MP: 1/1
   160 | D:1      | Reached skill level 3 in Axes
   271 | D:1      | You fall into a shaft and drop 1 floor!
   508 | D:2      | Reached XP level 3. HP: 33/33 MP: 2/2
  1028 | D:3      | Noticed Jessica
  1034 | D:3      | Killed Jessica
  1035 | D:3      | Reached XP level 4. HP: 38/40 MP: 3/3
  1214 | D:3      | Reached skill level 4 in Axes
  1570 | D:3      | Found Firphehy's Antique Weapon Boutique.
  1787 | D:3      | Reached XP level 5. HP: 47/47 MP: 4/4
  2111 | D:4      | Noticed Robin
  2120 | D:4      | Killed Robin
  2428 | D:4      | Found a runed translucent door.
  2429 | D:4      | Noticed Crazy Yiuf
  2479 | D:4      | Reached skill level 5 in Axes
  2479 | D:4      | Reached XP level 6. HP: 32/55 MP: 5/5
  2862 | D:4      | Found a staircase to the Ecumenical Temple.
  2975 | D:4      | Killed Crazy Yiuf
  2976 | D:4      | Reached skill level 5 in Fighting
  2976 | D:4      | Reached skill level 5 in Shields
  3094 | Temple   | Entered the Ecumenical Temple
  3451 | D:5      | Entered Level 5 of the Dungeon
  3477 | D:5      | Reached skill level 5 in Armour
  3613 | D:5      | Noticed Menkaure
  3623 | D:5      | Killed Menkaure
  3624 | D:5      | Reached skill level 6 in Axes
  3624 | D:5      | Reached XP level 7. HP: 58/61 MP: 6/6
  3709 | D:5      | Noticed a steam dragon
  3727 | D:5      | Killed a steam dragon
  4117 | D:5      | Reached skill level 7 in Axes
  4234 | D:5      | Identified the +6 rapier "Orb Guardian's Doom" {vorpal,
                  | Will- Int+6 Dex+3}
  4365 | D:6      | Reached XP level 8. HP: 25/70 MP: 7/7
  4817 | D:6      | Reached skill level 8 in Axes
  5674 | D:7      | Reached skill level 9 in Axes
  5934 | D:7      | Reached XP level 9. HP: 74/79 MP: 8/8
  6185 | D:7      | Reached skill level 10 in Axes
  6282 | D:7      | Noticed Duvessa
  6282 | D:7      | Noticed Dowan
  6285 | D:7      | Killed Dowan
  6288 | D:7      | Killed Duvessa
  6556 | D:7      | Noticed Joseph
  6568 | D:7      | Killed Joseph
  6569 | D:7      | Reached skill level 11 in Axes
  6721 | D:7      | Noticed Prince Ribbit
  6744 | D:7      | Killed Prince Ribbit
  6745 | D:7      | Reached XP level 10. HP: 73/90 MP: 9/9
  6834 | D:7      | Found a radiant altar of Vehumet.
  6841 | D:7      | Found a shimmering blue altar of Sif Muna.
  6846 | D:7      | Found an iron altar of Okawaru.
  7013 | D:7      | Became a worshipper of Warmaster Okawaru
  7156 | D:8      | Noticed a two-headed ogre
  7162 | D:8      | Killed a two-headed ogre
  7400 | D:8      | Reached skill level 12 in Axes
  7400 | D:8      | Reached * piety under Okawaru
  7606 | D:8      | Identified the +7 dagger of Ascent {flame, rPois rC++ Dex-5
                  | SInv}
  8068 | D:8      | Found a sparkling altar of Nemelex Xobeh.
  8458 | D:9      | Reached ** piety under Okawaru
  8462 | D:9      | Found a staircase to the Lair.
  8494 | D:9      | Reached skill level 13 in Axes
  8782 | D:9      | Noticed Maggie
  8786 | D:9      | Reached skill level 10 in Armour
  8789 | D:9      | Reached skill level 10 in Fighting
  8814 | D:9      | Reached skill level 1 in Invocations
  8814 | D:9      | Reached *** piety under Okawaru
  8821 | D:9      | Killed Maggie
  8822 | D:9      | Reached XP level 11. HP: 27/100 MP: 8/11
  9255 | D:9      | Identified the +6 leather armour "Jaorila" {rF+ rC+}
  9333 | D:9      | Noticed a deep elf pyromancer
  9351 | D:9      | Killed a deep elf pyromancer
  9647 | D:9      | Found a staircase to the Orcish Mines.
 10043 | D:9      | Reached skill level 5 in Invocations
 10246 | D:9      | Noticed a centaur warrior
 10262 | D:9      | Killed a centaur warrior
 10262 | D:9      | Reached **** piety under Okawaru
 10262 | D:9      | Received a gift from Okawaru
 10980 | Lair:1   | Entered Level 1 of the Lair of Beasts
 11301 | Lair:1   | Reached skill level 1 in Throwing
 11303 | Lair:1   | Received a gift from Okawaru
 11304 | Lair:1   | Reached skill level 1 in Dodging
 11304 | Lair:1   | Reached skill level 1 in Evocations
 11358 | Lair:1   | Gained mutation: You are partially covered in iridescent
                  | scales. (AC +2) [potion of mutation]
 11358 | Lair:1   | Gained mutation: Your flesh is heat resistant. (rF+)
                  | [potion of mutation]
 11367 | Lair:1   | Received a gift from Okawaru
 11849 | Lair:1   | Reached ***** piety under Okawaru
 12159 | Lair:2   | Found a hole to the Spider Nest.
 12245 | Lair:2   | Reached XP level 12. HP: 82/108 MP: 16/16
 13541 | Lair:3   | Reached skill level 14 in Axes
 13564 | Lair:3   | Received a gift from Okawaru
 13768 | Lair:3   | Found a staircase to the Shoals.
 13774 | Lair:3   | Noticed a catoblepas
 14013 | Lair:3   | Noticed a death yak
 14013 | Lair:3   | Noticed a death yak
 14013 | Lair:3   | Noticed a death yak
 14013 | Lair:3   | Noticed a death yak
 14014 | Lair:3   | Noticed a death yak
 14014 | Lair:3   | Noticed a death yak
 14044 | Lair:3   | Noticed a death yak
 14047 | Lair:3   | Killed a death yak
 14048 | Lair:3   | Noticed a death yak
 14053 | Lair:3   | Killed a death yak
 14059 | Lair:3   | Killed a death yak
 14066 | Lair:3   | Killed a death yak
 14067 | Lair:3   | Reached skill level 5 in Throwing
 14070 | Lair:3   | Killed a death yak
 14072 | Lair:3   | Killed a death yak
 14074 | Lair:3   | Killed a death yak
 14314 | Lair:3   | Reached skill level 5 in Evocations
 14429 | Lair:3   | Killed a catoblepas
 14545 | Lair:4   | Noticed Urug
 14698 | Lair:3   | Killed Urug
 14870 | Lair:4   | Found a frozen archway.
 14921 | IceCv    | Entered an ice cave
 14929 | IceCv    | Received a gift from Okawaru
 14930 | IceCv    | Reached XP level 13. HP: 90/112 MP: 10/18
 14942 | IceCv    | Found a transporter.
 14951 | IceCv    | Found a transporter.
 15389 | Lair:4   | Noticed Kirke
 15393 | Lair:4   | Identified the +7 hand axe of Patterns {antimagic, rPois}
                  | (Okawaru gifted it to you on level 4 of the Lair of Beasts)
 15393 | Lair:4   | Received a gift from Okawaru
 15402 | Lair:4   | Killed Kirke
 15574 | Lair:4   | Found a staircase to the Slime Pits.
 15575 | Lair:4   | Found a viscous altar of Jiyva.
 15714 | Lair:4   | Reached skill level 5 in Dodging
 16261 | Lair:4   | Found an ancient bone altar of Kikubaaqudgha.
 16932 | Lair:5   | Entered Level 5 of the Lair of Beasts
 17234 | Lair:5   | Identified the +1 kite shield of Soft Rains {rCorr}
                  | (Okawaru gifted it to you on level 5 of the Lair of Beasts)
 17234 | Lair:5   | Received a gift from Okawaru
 17553 | Lair:5   | Reached skill level 1 in Spellcasting
 18986 | Orc:1    | Entered Level 1 of the Orcish Mines
 19010 | Orc:1    | Reached skill level 15 in Axes
 19026 | D:9      | Reached XP level 14. HP: 73/126 MP: 5/19
 19349 | Orc:1    | Found Jouroroxtu's Antique Weapon Emporium.
 19705 | Orc:2    | Entered Level 2 of the Orcish Mines
 20095 | Orc:2    | Found a staircase to the Elven Halls.
 20979 | Orc:2    | Found Henias's Weapon Emporium.
 20979 | Orc:2    | Found Muwankar's Antique Armour Shop.
 20981 | Orc:2    | Found Qainiad's Book Boutique.
 20983 | Orc:2    | Found Hyasam's Antique Armour Shoppe.
 20995 | Orc:2    | Bought a pair of faintly humming boots for 199 gold pieces
 20995 | Orc:2    | Identified the +1 pair of boots of Mot Moit {*Corrode rElec
                  | rF+ Dex+4} (You bought it in a shop on level 2 of the
                  | Orcish Mines)
 21124 | D:10     | Entered Level 10 of the Dungeon
 21241 | D:10     | Received a gift from Okawaru
 21592 | D:10     | Noticed Fannar
 21610 | D:10     | Killed Fannar
 21610 | D:10     | Identified the +8 trident "Q" {freeze, Contam rElec rC+++
                  | Will-} (Okawaru gifted it to you on level 10 of the
                  | Dungeon)
 21610 | D:10     | Received a gift from Okawaru
 22074 | D:11     | Noticed Snorg
 22086 | D:11     | Killed Snorg
 22409 | D:11     | Identified the +8 spear of Invincibility {venom, rN+ Int+3}
 22417 | D:11     | Noticed Erica
 22426 | D:11     | Killed Erica
 23122 | D:12     | Noticed Gastronok
 23136 | D:12     | Killed Gastronok
 23355 | D:12     | Reached skill level 10 in Invocations
 24554 | D:13     | Reached ****** piety under Okawaru
 24628 | D:13     | Identified the +0 hat "Ethus" {Str+2 Dex+2} (Okawaru gifted
                  | it to you on level 13 of the Dungeon)
 24628 | D:13     | Received a gift from Okawaru
 25617 | D:13     | Found a gate to the Vaults.
 26297 | D:14     | Reached skill level 16 in Axes
 26354 | D:14     | Noticed a fire giant
 26361 | D:14     | Killed a fire giant
 26396 | D:14     | Noticed Lodul
 26404 | D:14     | Reached XP level 15. HP: 90/134 MP: 21/21
 26404 | D:14     | Killed Lodul
 26867 | D:14     | Found a blossoming altar of Fedhas.
 27075 | D:15     | Entered Level 15 of the Dungeon
 27103 | D:15     | Noticed Rupert
 27104 | D:15     | Paralysed by Rupert for 2 turns
 27121 | D:15     | Killed Rupert
 27554 | D:15     | Received a gift from Okawaru
 28053 | Spider:1 | Entered Level 1 of the Spider Nest
 28141 | Spider:1 | Reached skill level 10 in Shields
 28145 | Spider:1 | Noticed Asterion
 28466 | Spider:1 | Noticed Donald
 28847 | Spider:1 | Noticed an emperor scorpion
 28869 | Lair:2   | Killed Asterion
 28870 | Lair:2   | Reached skill level 10 in Throwing
 29143 | Lair:2   | Received a gift from Okawaru
 29651 | Lair:2   | Killed Donald
 29663 | Lair:2   | Killed an emperor scorpion
 31980 | Spider:3 | HP: 4/110 [jorogumo/bolt of negative energy (33)]
 32386 | Spider:3 | Identified the +0 tower shield "Yxtez" {-Tele rC- MP+9
                  | Dex+8} (Okawaru gifted it to you on level 3 of the Spider
                  | Nest)
 32386 | Spider:3 | Received a gift from Okawaru
 32397 | Spider:3 | Noticed Arachne
 32414 | Spider:3 | Killed Arachne
 32415 | Spider:3 | Reached skill level 17 in Axes
 32726 | Spider:3 | Reached XP level 16. HP: 78/140 MP: 16/23
 33252 | Spider:4 | Entered Level 4 of the Spider Nest
 34659 | Spider:4 | Got a gossamer rune of Zot
 34661 | Spider:4 | Identified the +0 pair of boots of Surprise {Rampage rPois}
 34943 | Shoals:1 | Entered Level 1 of the Shoals
 34970 | Shoals:1 | Received a gift from Okawaru
 35214 | Shoals:1 | Found Soago's Magic Scroll Boutique.
 35233 | Shoals:1 | Bought a scroll of blinking for 127 gold pieces
 35233 | Shoals:1 | Bought a scroll of fog for 68 gold pieces
 35233 | Shoals:1 | Bought a scroll of fear for 68 gold pieces
 35233 | Shoals:1 | Bought a scroll of teleportation for 51 gold pieces
 35233 | Shoals:1 | Bought a scroll of poison for 68 gold pieces
 35233 | Shoals:1 | Bought a scroll of fog for 68 gold pieces
 35233 | Shoals:1 | Bought a scroll of fog for 68 gold pieces
 35233 | Shoals:1 | Bought a scroll of teleportation for 51 gold pieces
 35316 | Shoals:1 | Received a gift from Okawaru
 35541 | Shoals:2 | Received a gift from Okawaru
 35750 | Shoals:2 | Found a transporter.
 35751 | Shoals:2 | Found a transporter.
 35753 | Shoals:2 | Noticed Bediveer's ghost (journeyman GrMo)
 35755 | Shoals:2 | Noticed a kraken
 36480 | Shoals:3 | Reached skill level 18 in Axes
 37345 | Shoals:4 | Entered Level 4 of the Shoals
 37529 | Shoals:4 | Paralysed by an air elemental for 1 turns
 37803 | Shoals:4 | Received a gift from Okawaru
 37934 | Shoals:4 | Identified the ring of Haeraul {Contam rPois rF+++ rCorr
                  | Str+4}
 38003 | Shoals:4 | Received a gift from Okawaru
 38019 | Shoals:4 | Reached XP level 17. HP: 75/154 MP: 25/25
 38262 | Shoals:4 | Paralysed by an air elemental for 1 turns
 38580 | Shoals:4 | Received a gift from Okawaru
 38634 | Shoals:4 | Noticed Mlioglotl
 38654 | Shoals:4 | Killed Mlioglotl
 39816 | Shoals:4 | Found a stormy altar of Qazlal.
 39826 | Shoals:4 | Identified the +0 hat of Ahiekukuc {rPois rN+ Int-2}
                  | (Okawaru gifted it to you on level 4 of the Shoals)
 39826 | Shoals:4 | Received a gift from Okawaru
 40670 | Shoals:4 | Got a barnacled rune of Zot
 40785 | Slime:1  | Entered Level 1 of the Pits of Slime
 40787 | Slime:1  | Noticed an acid blob
 41050 | Lair:5   | Reached skill level 15 in Fighting
 41175 | Lair:5   | Reached skill level 15 in Armour
 41426 | Lair:4   | Killed an acid blob
 42187 | Slime:3  | Noticed Dissolution
 42196 | Slime:3  | Noticed an acid blob
 42198 | Slime:3  | Paralysed by a floating eye for 3 turns
 42201 | Slime:3  | Mangled by Dissolution

Illustrated notes

Levels and vault maps discovered:
D:1:      dpeg_arrival_shrine, layout_rooms, ebering_ecumenical_altar_webs,
          minmay_misc_feat_tower, minmay_lizard_king
D:2:      layout_loops_ring, hangedman_decor_points
D:3:      minmay_chambers_of_twos, layout_basic, serial_shops,
          nicolae_shop_trees, minmay_misc_feat_rugged,
          small_statue_intersection, kennysheep_generic_room_7, uniq_jessica
D:4:      layout_loops_ring, lemuel_temple_firewalk_b, uniq_crazy_yiuf_cottage,
          uniq_robin
D:5:      layout_basic, minivault_14, grunt_ministairs_15, uniq_menkaure
D:6:      layout_gridville
D:7:      minmay_polygon_palace, layout_rooms, minitemple, uniq_duvessa,
          uniq_prince_ribbit1, uniq_joseph
D:8:      nicolae_cairo_tiling, layout_basic, mainiacjoe_overflow_alcove_1
D:9:      wad_arrow_thing, layout_loops_corners, due_lair_maze_entry_diamond,
          amcnicky_mini_rare_corridor_liquid, uniq_maggie
D:10:     layout_gridville, minmay_fountain_box, nicolae_fountain_basement,
          uniq_fannar
D:11:     layout_loops_ring, serial_rivers, chequers_serial_rivers_micro_a,
          chequers_serial_rivers_micro_a, chequers_serial_rivers_small_b,
          chequers_serial_rivers_large_a, chequers_serial_rivers_room_b,
          uniq_erica, uniq_snorg
D:12:     layout_basic, uniq_gastronok
D:13:     layout_cave_pools, david_vaults_4
D:14:     minmay_mutant_horseshoe, layout_basic, fedhas_altar_4,
          amethyst_killhole, uniq_lodul
D:15:     hangedman_depths_entry_civil_slaughter, layout_irregular_city,
          minmay_crystal_water, uniq_agnes, uniq_rupert
Temple:   eino_narrow_crystal_temple
Lair:1:   layout_cave_shapes
Lair:2:   layout_regular_city, spider_nest_entry_funnel_web
Lair:3:   layout_chaotic_city, elwin_shoals_entry_stream, serial_bayou_shore_a,
          grunt_megastairs_3
Lair:4:   layout_loops_ring, slime_entry_1, basic_altar,
          portal_ice_cave_entry_imps, beast_lair_carwin_7, lemuel_fruit_fields,
          grunt_megastairs_4, uniq_urug, uniq_kirke
Lair:5:   evilmike_catoblepas_cave, layout_regular_city, grunt_megastairs_2
Shoals:1: layout_shoals, serial_shops, nicolae_shop_hallway_plus,
          argonaut_gorgonesque
Shoals:2: layout_shoals, ebering_ghost_davey_jones, uniq_polyphemus
Shoals:3: layout_shoals
Shoals:4: shoals_end_hellmonk_storm_palace [storm_palace_center_ruins,
          storm_palace_corner_reverse_hut, storm_palace_corner_narrow,
          storm_palace_corner_altar, storm_palace_corner_grid], uniq_mlioglotl
Spider:1: layout_spider_delve, uniq_donald, uniq_asterion
Spider:2: layout_cave_pods, uniq_roxanne
Spider:3: layout_spider_delve, nicolae_spider_cling_halls, uniq_arachne
Spider:4: hellmonk_spider_rune_bug_friends
Slime:1:  layout_caves
Slime:2:  layout_caves
Slime:3:  layout_caves, dissolution_awaits
Orc:1:    layout_caves, serial_shops, nicolae_shop_crystal, enter_volcano_3,
          basic_altar
Orc:2:    st_orc_rangers, layout_diamond_mine, basic_altar

Skill      XL: |  1  2  3  4  5  6  7  8  9 10 11 12 13 14 15 16 17 |
---------------+----------------------------------------------------+-----
Axes           | 3 4 5 6 7 9 11 13 14 15 16 17 18 | 18.0
Fighting       | 4 5 6 7 8 10 11 12 13 14 15 | 15.0
Armour         | 4 5 6 7 8 10 11 12 13 14 15 | 15.3
Shields        | 4 5 6 7 8 9 10 11 13 | 13.3
Invocations    | 2 7 8 9 10 11 13 14 | 14.0
Throwing       | 3 5 7 9 10 12 | 12.0
Dodging        | 2 4 5 6 |  6.0
Evocations     | 2 5 6 7 8 |  8.0
Spellcasting   | 2 |  2.0

Action                   |  1- 3 |  4- 6 |  7- 9 | 10-12 | 13-15 | 16-18 || total
-------------------------+-------+-------+-------+-------+-------+-------++-------
Melee: War axe           |    59 |   149 |   128 |       |       |       ||   336
       Headbutt          |     8 |    19 |    23 |    68 |   283 |   183 ||   584
       Unarmed           |       |     6 |       |       |       |       ||     6
       Battleaxe         |       |       |    77 |   401 |    43 |       ||   521
       Hand axe          |       |       |       |       |   315 |       ||   315
       Eveningstar       |       |       |       |       |    71 |       ||    71
       Punch             |       |       |       |       |     2 |       ||     2
       Broad axe         |       |       |       |       |   681 |   630 ||  1311
Throw: Boomerang         |       |       |     1 |     1 |    14 |    77 ||    93
       Dart              |       |       |       |    13 |     6 |     4 ||    23
       Javelin           |       |       |       |     1 |    16 |     8 ||    25
Invok: Heroism           |       |       |       |     6 |    13 |     5 ||    24
       Finesse           |       |       |       |     3 |     9 |     5 ||    17
Evoke: Condenser vane    |       |       |       |       |     1 |     3 ||     4
       Tin of tremorston |       |       |       |       |       |     1 ||     1
  Use: Scroll            |       |     3 |       |    13 |    16 |     2 ||    34
       Potion            |       |     2 |     2 |     2 |    14 |     6 ||    26
 Stab: Petrified         |       |       |       |     1 |       |       ||     1
Armor: Scale mail        |    32 |       |       |       |       |       ||    32
       Plate armour      |     1 |    98 |       |       |   746 |   297 ||  1142
       Pearl dragon scal |       |     1 |   132 |   234 |     2 |       ||   369
Dodge: Dodged            |    28 |    46 |   103 |   171 |   687 |   211 ||  1246
Block: Buckler           |    14 |    38 |    54 |       |       |       ||   106
       Kite shield       |       |       |       |       |   874 |   373 ||  1247
